 Dungeon Crawl Stone Soup version 0.30.0 (webtiles) character file.

Game seed: 14364217303886102634

2 Esekla the Chiller (level 1, 0/13 HPs)
             Began as a Demonspawn Wanderer on May 6, 2023.
             Slain by a kobold
             ... wielding a +0 whip
              (3 damage)
             ... on level 1 of the Dungeon.
             The game lasted 00:01:03 (193 turns).

Esekla the Chiller (Demonspawn Wanderer)             Turns: 193, Time: 00:01:04

Health: 0/13       AC:  2    Str: 10    XL:     1   Next: 33%
Magic:  3/3        EV: 10    Int: 11    God:
Gold:   10         SH:  4    Dex: 16    Spells: 3/4 levels left

rFire   . . .        a - +0 dagger
rCold   . . .        b - +0 buckler
rNeg    . . .        d - +0 robe
rPois   .            (no helmet)
rElec   .            (no cloak)
rCorr   .            (no gloves)
SInv    .            (no boots)
Will    .....        (no amulet)
Stlth   ++           (no ring)
HPRegen 0.22/turn    (no ring)
MPRegen 0.08/turn

%: no passive effects
@: no status effects
A: no striking features
a: no special abilities


You were on level 1 of the Dungeon.
You visited 1 branch of the dungeon, and saw 1 of its levels.

You collected 10 gold pieces.

Inventory:

Hand Weapons
 a - a +0 dagger (weapon)
Armour
 b - a +0 buckler (worn)
 d - a +0 robe (worn)
Scrolls
 c - a scroll of fear
 e - a scroll of vulnerability


   Skills:
 * Level 0.3 Short Blades
 + Level 1.0 Stealth
 * Level 1.7 Shields
 * Level 2.1 Spellcasting
 + Level 3.6 Ice Magic
 + Level 1.0 Evocations


You had 3 spell levels left.
You knew the following spells:

 Your Spells              Type           Power      Damage    Failure   Level
a - Freeze                Ice            36%        1d5       10%         1

Your spell library contained the following spells:

 Spells                   Type           Power      Damage    Failure   Level
 Frozen Ramparts          Ice            18%        1d3       28%         3
 Ozocubu's Armour         Ice            9%         N/A       28%         3


Dungeon Overview and Level Annotations

Branches:
Dungeon (1/15)

Altars:


Message History

Found 5 gold pieces.
The helpless frilled lizard fails to defend itself.
You hit the frilled lizard.
You kill the frilled lizard!
You now have 10 gold pieces.
A bat comes into view.
A kobold comes into view. It is wielding a +0 short sword.
The kobold shouts!
The kobold barely misses you.
You closely miss the kobold. The kobold barely misses you.
You barely miss the kobold. The kobold hits you but does no damage.
You closely miss the kobold.
The kobold hits you with a +0 short sword.
You closely miss the kobold.
The kobold hits you with a +0 short sword.
You hit the kobold.
You kill the kobold!
Things that are here:
a +0 short sword; 3 stones; a kobold corpse You start resting.
HP restored.
A kobold comes into view. It is wielding a +0 whip.
The bat hits you but does no damage.
You closely miss the bat. The bat misses you.
You completely miss the bat.
The kobold shouts!
The bat closely misses you. The bat hits you but does no damage.
You hit the bat but do no damage. The bat hits you but does no damage. x2
You barely miss the bat. The bat hits you. The bat completely misses you.
You barely miss the bat. The bat hits you but does no damage.
The bat hits you but does no damage.
You hit the bat.
You kill the bat!
You barely miss the kobold. The kobold hits you with a +0 whip.
You barely miss the kobold. The kobold hits you with a +0 whip.
* * * LOW HITPOINT WARNING * * *
The kobold hits you with a +0 whip.
You die...

# # #.##### .####
#.....####.#...
#...........
#.....##.#
#.##)..#.#
#K###..#.### #@#
#.....K# #.#
#.##.#.....
####.###.#......##
#......#...........
#.##.#.#..##....###
#.##.#.#..###....#
#.##.#.#...........
#....#.#...........
######.....###.#.##


You could see a kobold.

Vanquished Creatures
  A bat (D:1)
  A frilled lizard (D:1)
  A kobold (D:1)
3 creatures vanquished.

Notes
Turn   | Place    | Note
-------+----------+-------------------------------------------
     0 | D:1      | Esekla the Demonspawn Wanderer began the quest for the Orb.
     0 | D:1      | Esekla set off with the following items: a +0 dagger, a +0
                  | buckler, a scroll of fear, a +0 robe, a scroll of
                  | vulnerability; and the following spell memorised: Freeze;
                  | and the following spells available to memorise: Frozen
                  | Ramparts, Ozocubu's Armour.
     0 | D:1      | Reached XP level 1. HP: 13/13 MP: 3/3
   193 | D:1      | Slain by a kobold

Illustrated notes

Levels and vault maps discovered:
D:1:      onia_arrival_mini_maze_b, layout_basic, minmay_misc_feat_tiny,
          item_on_display_a

Action                     || total
---------------------------++-------
  Melee: Dagger            ||    14
   Stab: Sleeping          ||     1
 Armour: Robe              ||     7
  Dodge: Dodged            ||     5
